 Dungeon Crawl Stone Soup version 0.15.0-18-g9076a4f (console) character file.

603 Frenchkiss the Insei (level 7, -11/40 HPs)
             Began as a Vine Stalker Monk on Sept 7, 2014.
             Was a Believer of Dithmenos.
             Killed from afar by an orc (15 damage)
             ... with a wand of draining
             ... on Level 6 of the Dungeon.
             The game lasted 00:16:59 (3437 turns).

Frenchkiss the Insei (Vine Stalker Monk)            Turns: 3437, Time: 00:17:00

HP -11/40        AC 10     Str 13      XL: 7   Next: 42%
MP   0/9         EV 13     Int  8      God: Dithmenos [**....]
Gold 221         SH  0     Dex 21      Spells:  0 memorised,  6 levels left

rFire  . . .     SeeInvis .       - Unarmed
rCold  + + .     Clarity  .     i - +2 leather armour {rC+}
rNeg   . . .     rCorr    .     (no shield)
rPois  .         rRot     +     (no helmet)
rElec  .         Spirit   +     (no cloak)
SustAb .         Warding  .     m - +2 pair of gloves
rMut   .         Stasis   .     o - +1 pair of boots
Gourm  .                        (no amulet)
MR     .....                    e - ring of protection from cold
                                s - +4 ring of dexterity

@: wreathed by umbra, drained, not resistant to hostile enchantments, unstealthy
A: fangs 2, dopey 1, regeneration 2, robust 1, weak 1, magic shield, antimagic
bite, no device heal 3, rot immunity
a: Shadow Step, Renounce Religion


You were on level 6 of the Dungeon.
You worshipped Dithmenos.
Dithmenos was pleased with you.
You were hungry.

You visited 2 branches of the dungeon, and saw 7 of its levels.

You collected 221 gold pieces.

Inventory:

Hand weapons
 n - a cursed -1 dagger
Armour
 i - a +2 leather armour of cold resistance (worn)
 m - a +2 pair of gloves (worn)
 o - a +1 pair of boots (worn)
 q - a +1 robe of positive energy
Magical devices
 h - a wand of magic darts (12)
Comestibles
 b - 2 bread rations
 f - 2 meat rations
 l - a rotting chunk of worm flesh
 t - a rotting chunk of felid flesh
Scrolls
 a - 6 scrolls of remove curse
 k - 2 scrolls of identify
 r - a scroll of magic mapping
 v - a scroll of fog {unknown}
Jewellery
 e - a ring of protection from cold (right hand)
 g - an uncursed ring of flight
 s - a +4 ring of dexterity (left hand)
Potions
 c - 3 potions of curing
 d - a potion of might
 j - a potion of haste
 p - a potion of lignification {unknown}
 x - a potion of confusion {unknown}


   Skills:
 + Level 4.1(3.6) Fighting
 + Level 1.0(0.5) Armour
 + Level 4.0(3.5) Dodging
 + Level 3.3(2.8) Stealth
 * Level 6.5(5.9) Unarmed Combat


You had 6 spell levels left.
You didn't know any spells.

Dungeon Overview and Level Annotations

Branches:
Dungeon (6/15)             Temple (1/1) D:5

Altars:
Ashenzari
Dithmenos
Fedhas
Kikubaaqudgha
Makhleb
Nemelex Xobeh
Okawaru
Qazlal
Sif Muna
Trog
Vehumet
Xom
Yredelemnul
Zin
The Shining One

Annotations:
D:5 Eustachio
D:6 Blork the orc, Natasha


Innate Abilities, Weirdness & Mutations

You have extremely sharp teeth.
You heal very quickly.
When hurt, damage is shared between your health and your magic reserves.
Your bite disrupts and absorbs the magic of your enemies.
Potions and wands cannot restore your health.
You are immune to rotting.
You are dopey. (Int -2)
You are robust (+10% HP).
You are weak. (Str -2)


Message History

The orc priest's wounds heal themselves!
The orc priest calls down the wrath of Beogh upon you.
Something smites you!
* * * LOW HITPOINT WARNING * * *
Blork the orc closely misses you.
Natasha mumbles some strange words.
There is an open door here.
Blork the orc hits you but does no damage.
Blork the orc casts a spell at you. The puff of flame misses you.
Blork the orc screams, "I'll drink your blood!
Soon!"
Natasha mumbles some strange words.
There is an open door here.
Read which item? (? for menu, Esc to quit)
Okay, then.
Blork the orc points at you and mumbles some strange words.
The puff of flame hits you!
* * * LOW HITPOINT WARNING * * *
Blork the orc barely misses you.
The orc zaps a wand.
The bolt of negative energy hits you!
You feel drained.
You die...

.............########...##
.............# #.....+
############# ##...## ####'#
#....# ########...##
##.....##..... #.....5##...##
#######.....##'####
##....##...h.ho5....
#..@o.###o#####.....
##....#.......#.....
#.....'o......##+### ######
#.##'##............. #....#
#................... ###'##.#
#................... #....#.#
#................... #.§§.#.#
#...................
#.§§.#.####...................
#....#.##.#####'####+######+##
######......#......#....#.....


You could see Blork the orc and an orc.

Vanquished Creatures
  A phantom (D:5)
  A sky beast (D:6)
  A necrophage (D:6)
  A centaur (D:5)
  A hound (D:6)
  2 orc wizards (D:5)
  Natasha (twice) (D:6)
  An adder (D:2)
  An orc skeleton (D:5)
  A shadow imp (D:5)
  A worm (D:5)
  An ufetubus (D:5)
  2 giant geckos
  8 orcs
  2 giant cockroaches (D:2)
  12 goblins
  11 hobgoblins
  16 jackals
  3 quokkas
  11 bats
  2 giant newts
  A hobgoblin zombie (D:5)
  8 kobolds
  A kobold skeleton (D:6)
  A kobold zombie (D:6)
  13 rats
  A rat skeleton (D:5)
106 creatures vanquished.

Notes
Turn   | Place    | Note
--------------------------------------------------------------
     0 | D:1      | Frenchkiss, the Vine Stalker Monk, began the quest for the Orb.
     0 | D:1      | Reached XP level 1. HP: 11/11 MP: 1/1
   121 | D:1      | Reached XP level 2. HP: 11/16 MP: 3/3
   768 | D:1      | Reached XP level 3. HP: 19/19 MP: 4/4
   888 | D:2      | Found a glowing silver altar of Zin.
  1237 | D:2      | Found a sparkling altar of Nemelex Xobeh.
  1238 | D:2      | Reached skill level 5 in Unarmed Combat
  1367 | D:2      | Reached XP level 4. HP: 24/24 MP: 5/5
  1700 | D:5      | Entered Level 5 of the Dungeon
  1738 | D:5      | Found a staircase to the Ecumenical Temple.
  1754 | Temple   | Entered the Ecumenical Temple
  1838 | Temple   | Became a worshipper of Dithmenos the Shadowed
  1838 | Temple   | Acquired Dithmenos' first power
  1888 | D:5      | Reached XP level 5. HP: 22/28 MP: 7/7
  1970 | D:5      | Gained mutation: You are weak. (Str -2) [potion of mutation]
  1970 | D:5      | Gained mutation: You are robust (+10% HP). [potion of mutation]
  1970 | D:5      | Gained mutation: You are dopey. (Int -2) [potion of mutation]
  2049 | D:5      | Found an ancient bone altar of Kikubaaqudgha.
  2190 | D:5      | Noticed Eustachio
  2263 | D:6      | Noticed a sky beast
  2294 | D:6      | Killed a sky beast
  2294 | D:6      | Gained mutation: You heal very quickly. [vine stalker growth]
  2294 | D:6      | Reached XP level 6. HP: 30/36 MP: 8/8
  2615 | D:6      | Noticed a necrophage
  2630 | D:6      | Killed a necrophage
  2669 | D:6      | Noticed Blork the orc
  2736 | D:5      | Noticed a phantom
  2752 | D:5      | Killed a phantom
  2752 | D:5      | Reached skill level 6 in Unarmed Combat
  2752 | D:5      | Reached XP level 7. HP: 37/40 MP: 9/9
  2770 | D:5      | Noticed a centaur
  2777 | D:5      | Killed a centaur
  2777 | D:5      | Reached skill level 1 in Armour
  2968 | D:5      | Found an ancient bone altar of Kikubaaqudgha.
  3166 | D:6      | Noticed Natasha
  3173 | D:6      | Killed Natasha
  3359 | D:6      | Noticed Natasha
  3368 | D:6      | Killed Natasha
  3425 | D:6      | Noticed Natasha
  3429 | D:6      | HP: 1/40 [orc priest/divine providence (8)]
  3437 | D:6      | Killed from afar by an orc

Action                   |  1- 3 |  4- 6 |  7- 9 || total
-------------------------+-------+-------+-------++-------
Melee: Unarmed           |    98 |   177 |    62 ||   337
 Abil: Evoke Flight      |     1 |       |       ||     1
Evoke: Wand              |       |     1 |       ||     1
  Use: Scroll            |     6 |       |       ||     6
       Potion            |     3 |     1 |       ||     4
 Stab: Sleeping          |     1 |     2 |     1 ||     4
       Distracted        |     1 |       |       ||     1
  Eat: Chunk             |     2 |     4 |     2 ||     8
